 Dungeon Crawl Stone Soup version 0.28.0-53-g5a82cb258f (webtiles) character file.

Game seed: 17245036733175559080

247 Zeld the Skirmisher (level 5, -1/45 HPs)
             Began as a Draconian Transmuter on June 3, 2022.
             Slain by a black bear (5 damage)
             ... on level 5 of the Dungeon.
             The game lasted 00:02:10 (2604 turns).

Zeld the Skirmisher (Draconian Transmuter)          Turns: 2604, Time: 00:02:11

Health: -1/45      AC:  6    Str: 17    XL:     5   Next: 85%
Magic:  7/9        EV: 12    Int: 15    God:
Gold:   81         SH:  0    Dex: 12    Spells: 0/10 levels left

rFire   . . .      SeeInvis .   f - +12 hand axe "Quaty" {freeze, Fly rElec Str+3 Int-4}
rCold   . . .      Faith    .   (no shield)
rNeg    . . .      Spirit   .   (armour unavailable)
rPois   .          Reflect  .   (helmet restricted)
rElec   +          Harm     .   (no cloak)
rCorr   .          Rampage  .   (no gloves)
Will    .....                   m - +0 pair of boots
Stlth   +.........              (no amulet)
HPRegen 0.15/turn               c - +6 ring of intelligence
MPRegen 0.11/turn               (no ring)

@: flying
A: AC +5, unfitting armour, cold-blooded
a: no special abilities


You were on level 5 of the Dungeon.
You visited 1 branch of the dungeon, and saw 5 of its levels.

You collected 81 gold pieces.

Inventory:

Hand Weapons
 f - the +12 hand axe "Quaty" (weapon) {freeze, Fly rElec Str+3 Int-4}
   (You found it on level 3 of the Dungeon)

   It freezes those it strikes, dealing additional cold damage.
   It can also slow down cold-blooded creatures.
   Str:       It affects your strength (+3).
   Int:       It affects your intelligence (-4).
   rElec:     It insulates you from electricity.
   Fly:       It grants you flight.
Armour
 m - a +0 pair of boots (worn)
Jewellery
 c - a +6 ring of intelligence (left hand)
Scrolls
 b - a scroll of teleportation {unknown}
 e - a scroll of fog {unknown}
 h - a scroll of summoning {unknown}
 i - a scroll of amnesia {unknown}
 k - a scroll of identify {unknown}
 l - a scroll of enchant armour {unknown}
Potions
 a - a potion of attraction {unknown}
 d - a potion of magic {unknown}
 g - a potion of flight {unknown}
 j - a potion of curing {unknown}


   Skills:
 + Level 3.5 Fighting
 - Level 1.7 Dodging
 - Level 3.0 Unarmed Combat
 + Level 3.0 Spellcasting
 + Level 3.2 Transmutations
 - Level 2.0 Ice Magic
 - Level 2.0 Poison Magic


You couldn't memorise any spells.
You knew the following spells:

 Your Spells              Type           Power      Damage    Failure   Level
a - Beastly Appendage     Tmut           24%        N/A       5%          1
b - Wereblood             Tmut           12%        N/A       8%          2
c - Spider Form           Tmut/Pois      10%        N/A       21%         3
d - Ice Form              Ice/Tmut       10%        N/A       56%         4

Your spell library contained the following spells:

 Spells                   Type           Power      Damage    Failure   Level


Dungeon Overview and Level Annotations

Branches:
Dungeon (5/15)
 Temple: D:4-7

Altars:
Ashenzari
Elyvilon
Fedhas
Nemelex Xobeh
Qazlal
Sif Muna
Trog
Uskayaw

Annotations:
D:4 Menkaure


Innate Abilities, Weirdness & Mutations

Your plain brown scales are hard. (AC +5)
You cannot fit into any form of body armour.
You are cold-blooded and may be slowed by cold attacks.


Message History

You bite the black bear!
The black bear looks as sick as possible!
The black bear is moderately wounded.
The black bear misses you. The black bear claws you. x2
You barely miss the black bear.
The black bear is heavily wounded.
The black bear misses you. The black bear closely misses you. x2
You hit the black bear.
The black bear looks as sick as possible!
The black bear is severely wounded.
The gnoll hits you from afar with a +0 halberd!
The black bear goes berserk!
You completely miss the black bear.
The black bear is severely wounded.
The black bear barely misses you. The black bear claws you. x2
The gnoll closely misses you. The black bear misses you.
The black bear barely misses you. The black bear completely misses you.
Found a stone staircase leading up.
You hear a shout! x2
The black bear barely misses you. The black bear claws you.
The black bear misses you.
You hear a shout!
You completely miss the black bear.
The black bear is almost dead.
The black bear misses you. The black bear claws you.
* * * LOW HITPOINT WARNING * * *
The black bear claws you.
* * * LOW HITPOINT WARNING * * *
The black bear bites you.
* * * LOW HITPOINT WARNING * * *
The black bear misses you. The black bear completely misses you.
Your transformation has ended.
The +12 hand axe "Quaty" {freeze, Fly rElec Str+3 Int-4} unmelds from your body.
Your +0 pair of boots unmelds from your body.
You fly up into the air.
The +12 hand axe "Quaty" {freeze, Fly rElec Str+3 Int-4} glows with a cold blue light! 2 yaks come into view.
The yak bellows! x2; You hear a bellow!
The black bear bites you.
You die...

##############
..........:..####
. #..ggh@....# #.
#.#####<##.#
###.##<# .#
#...!gg# .#
#.#.#..# ..
.........# ..
#.......## .Y#
#.#.....# .#.
.......#


You could see a yak, a black bear (berserk, very poisoned) and 2 gnolls.

Vanquished Creatures
  A black bear (D:4)
  A scorpion (D:4)
  A jelly (D:4)
  An orc wizard (D:4)
  2 adders (D:2)
  2 worms
  2 orcs (D:4)
  4 ball pythons
  2 endoplasms
  A giant cockroach (D:4)
  3 goblins
  A hobgoblin (D:4)
  2 quokkas (D:3)
  A frilled lizard (D:1)
  2 kobolds
  A rat (D:1)
27 creatures vanquished.

Vanquished Creatures (others)
  10 plants
10 creatures vanquished.

Grand Total: 37 creatures vanquished

Notes
Turn   | Place    | Note
-------+----------+-------------------------------------------
     0 | D:1      | Zeld the Draconian Transmuter began the quest for the Orb.
     0 | D:1      | Reached XP level 1. HP: 16/16 MP: 3/3
   144 | D:2      | Reached XP level 2. HP: 23/23 MP: 3/5
   147 | D:2      | Learned a level 2 spell: Wereblood
   215 | D:2      | Reached skill level 1 in Ice Magic
   215 | D:2      | Reached skill level 1 in Poison Magic
   485 | D:3      | Found a broken altar of Ashenzari.
   684 | D:3      | Reached XP level 3. HP: 10/28 MP: 6/6
   688 | D:3      | Learned a level 3 spell: Spider Form
  1190 | D:3      | Identified the +12 hand axe "Quaty" {freeze, Fly rElec
                  | Str+3 Int-4}
  1267 | D:4      | Found a sparkling altar of Nemelex Xobeh.
  1486 | D:4      | Noticed a black bear
  1493 | D:4      | Killed a black bear
  1494 | D:4      | Reached XP level 4. HP: 3/37 MP: 3/7
  1857 | D:4      | Noticed a scorpion
  1863 | D:4      | Killed a scorpion
  1864 | D:4      | Reached XP level 5. HP: 35/45 MP: 4/9
  2123 | D:4      | Found a hide-covered altar of Uskayaw.
  2124 | D:4      | Found a white marble altar of Elyvilon.
  2124 | D:4      | Found a blossoming altar of Fedhas.
  2128 | D:4      | Found a shimmering blue altar of Sif Muna.
  2129 | D:4      | Found a bloodstained altar of Trog.
  2170 | D:4      | Found a stormy altar of Qazlal.
  2262 | D:4      | Learned a level 4 spell: Ice Form
  2554 | D:4      | Noticed Menkaure
  2585 | D:5      | Entered Level 5 of the Dungeon
  2587 | D:5      | Noticed a black bear
  2604 | D:5      | Noticed a yak
  2604 | D:5      | Noticed a yak
  2604 | D:5      | Slain by a black bear

Illustrated notes

Levels and vault maps discovered:
D:1:      mrwooster_arrival_statue_3, layout_basic,
          shapermc_ecumenical_altar_mp_highgroup, serial_forest,
          infiniplex_forest_clump_large, infiniplex_forest_clump_curved,
          infiniplex_forest_clump_medium, infiniplex_forest_clump_curved,
          infiniplex_forest_lined_room_2, infiniplex_forest_lined_3
D:2:      wander_river, layout_basic, basic_altar, uniq_jessica, uniq_sigmund,
          uniq_crazy_yiuf_cottage, uniq_natasha
D:3:      layout_basic, nicolae_ashenzari_skybound, serial_bayou_pond_b
D:4:      layout_loops_ring, nemelex_diamond_rough_becter,
          kennysheep_little_box, minitemple, grunt_decor_one_mirror,
          uniq_menkaure
D:5:      layout_loops_ring, okawaru_gym_becter,
          minmay_temple_entry_purple_smoke, serial_shops, shop,
          nicolae_grassy_gnolls, uniq_blork_the_orc

Skill      XL: |  1  2  3  4  5 |
---------------+----------------+-----
Ice Magic      | 1 2 |  2.0
Poison Magic   | 1 2 |  2.0
Fighting       | 2 3 |  3.5
Transmutations | 3 |  3.2
Spellcasting   | 3 |  3.0
Dodging        | |  1.7
Unarmed Combat | |  3.0

Action                   |  1- 3 |  4- 6 || total
-------------------------+-------+-------++-------
Melee: Unarmed           |    43 |    14 ||    57
       Kick              |    12 |       ||    12
       Tailslap          |     8 |       ||     8
       Headbutt          |     3 |       ||     3
       Punch             |     2 |       ||     2
       Hand axe          |     4 |    11 ||    15
 Cast: Beastly Appendage |    12 |       ||    12
       Spider Form       |     1 |     3 ||     4
Armor: Skin              |     9 |     3 ||    12
Dodge: Dodged            |    25 |    31 ||    56
